 Dungeon Crawl Stone Soup version 0.22.1-2-g9c5b331383 (webtiles) character file.

53 Jerry the Skirmisher (level 3, 0/30 HPs)
             Began as a Merfolk Fighter on Nov 27, 2018.
             Slain by Terence
             ... wielding a +1 flail of crushing
              (1 damage)
             ... on level 2 of the Dungeon.
             The game lasted 00:02:02 (1115 turns).

Jerry the Skirmisher (Merfolk Fighter)              Turns: 1115, Time: 00:02:03

Health: 0/30       AC:  7    Str: 17    XL:     3   Next: 87%
Magic:  3/3        EV:  8    Int:  7    God:
Gold:   60         SH:  9    Dex: 13    Spells: 2/2 levels left

rFire    . . .     SeeInvis .   a - +0 long sword
rCold    . . .     Gourm    .   c - +0 shield
rNeg     . . .     Faith    .   b - +0 scale mail
rPois    .         Spirit   .   (no helmet)
rElec    .         Reflect  .   (no cloak)
rCorr    .         Harm     .   l - +0 pair of gloves
MR       .....                  (no boots)
Stlth    ..........             (no amulet)
HPRegen  0.10/turn              (no ring)
MPRegen  0.08/turn              (no ring)

@: no status effects
A: change form in water, swift swim, stealthy swim
a: no special abilities


You were on level 2 of the Dungeon.
You were not hungry.

You visited 1 branch of the dungeon, and saw 2 of its levels.

You collected 60 gold pieces.

Inventory:

Hand Weapons
 a - a +0 long sword (weapon)
Armour
 b - a +0 scale mail (worn)
 c - a +0 shield (worn)
 l - a +0 pair of gloves (worn)
 m - a +2 helmet of see invisible
Scrolls
 h - a scroll of amnesia {unknown}
 i - 3 scrolls of magic mapping {unknown}
 j - 3 scrolls of identify {unknown}
Potions
 d - 2 potions of might
 e - 2 potions of lignification {unknown}
 k - a potion of curing {unknown}
Comestibles
 f - 3 rations
 g - 4 chunks of flesh


   Skills:
 + Level 3.7 Fighting
 + Level 2.7 Long Blades
 + Level 2.5 Armour
 + Level 1.7 Dodging
 + Level 3.3 Shields


You had 2 spell levels left.
You didn't know any spells.
Your spell library was empty.

Dungeon Overview and Level Annotations

Branches:
Dungeon (2/15)

Altars:
Dithmenos
Ru
Vehumet
Xom

Annotations:
D:2 Terence


Message History

Terence completely misses you.
You closely miss Terence.
Terence is lightly wounded.
Terence hits you with a flail of crushing!
You hit Terence.
Terence is moderately wounded.
You block Terence's attack.
You barely miss Terence.
Terence is moderately wounded.
You block Terence's attack.
You barely miss Terence.
Terence is moderately wounded.
A jackal comes into view.
Terence hits you with a flail of crushing.
You hit Terence but do no damage.
Terence is moderately wounded.
You block Terence's attack.
Terence hits you with a flail of crushing!
* * * LOW HITPOINT WARNING * * *
You die...

.......?.. . ###.#.##
......... ..> ###(.<.##
....@.. ....#...####
.....# ....#.#.# # #...#
# #.....# #.#...#.#
#.._.)# #.......#
#._8_.## ####.######
#.._...# .
#..hl@@.####......# ..
#.#####.......##..#
.#.### #.# #....##.##.##
. ...#####.# #.##.......#
.####.#.....#
#.#####.####
.##.....###.#####.#####.#
.##...............(.(...#
.##........#.<###########
#.....##.#..#


You could see Terence, a jackal and a frilled lizard.

Vanquished Creatures
  A gnoll (D:1)
  An ooze (D:1)
  A dart slug (D:1)
  4 leopard geckos (D:1)
  A giant cockroach (D:1)
  A hobgoblin (D:1)
  9 jackals
  6 kobolds
  3 bats (D:1)
  A frilled lizard (D:1)
  3 rats
31 creatures vanquished.

Notes
Turn   | Place    | Note
-------+----------+-------------------------------------------
     0 | D:1      | Jerry the Merfolk Fighter began the quest for the Orb.
     0 | D:1      | Reached XP level 1. HP: 18/18 MP: 1/1
   189 | D:1      | Reached XP level 2. HP: 23/24 MP: 2/2
   335 | D:1      | Reached skill level 1 in Dodging
   420 | D:1      | Reached XP level 3. HP: 23/29 MP: 3/3
   998 | D:2      | Found a radiant altar of Vehumet.
   998 | D:2      | Found a sacrificial altar of Ru.
   998 | D:2      | Found a shadowy altar of Dithmenos.
  1011 | D:2      | Found a shimmering altar of Xom.
  1096 | D:2      | Noticed Terence
  1115 | D:2      | HP: 1/30 [Terence/flail of crushing (9)]
  1115 | D:2      | Slain by Terence

Skill      XL: |  1  2 |
---------------+-------+-----
Dodging        | 1 |  1.7
Fighting       | |  3.7
Long Blades    | |  2.7
Armour         | |  2.5
Shields        | |  3.3

Action                   || total
-------------------------++-------
Melee: Long sword        ||   117
  Eat: Chunk             ||     1
Armor: Scale mail        ||    51
Dodge: Dodged            ||    36
Block: Shield            ||    84
       Rpst.: Long sword ||    11
